Calgary Flames vs Winnipeg Jets
(R1)
Created - Friday, February 16, 2024 at 06:38
Goals
|
| Calgary Flames |
1 |
3 |
1 |
5 |
| Winnipeg Jets |
1 |
0 |
0 |
1 |
|
Shots
|
| Calgary Flames |
10 |
14 |
10 |
34 |
| Winnipeg Jets |
8 |
9 |
9 |
26 |
|
1st period
1. Calgary Flames , Rasmus Andersson 2 (Sebastian Aho 10, Jeff Petry 5) at 3:40
2. Winnipeg Jets , Alex DeBrincat 7 (Connor McDavid 8) at 8:11 (PP)
Penalties :
Barclay Goodrow (WPG) for Roughing (Minor) at 0:51, Kris Letang (CGY) for High sticking (Minor) at 8:06, Drew Doughty (CGY) for Diving (Minor) at 10:53, Barclay Goodrow (WPG) for Tripping (Minor) at 13:15
2nd period
3. Calgary Flames , Zach Hyman 5 (Drew Doughty 3, Sebastian Aho 11) at 2:08 (PP)
4. Calgary Flames , Zach Hyman 6 (Sebastian Aho 12) at 10:51 (PP)
5. Calgary Flames , J.T. Miller 8 (Matthew Tkachuk 11, Kris Letang 2) at 11:04
Penalties :
Matthew Beniers (WPG) for Boarding (Minor) at 1:02, Connor McDavid (WPG) for Hooking (Minor) at 1:30, Kris Letang (CGY) for Holding (Minor) at 5:34, Barclay Goodrow (WPG) for Tripping (Minor) at 10:41, Yakov Trenin (CGY) for Hooking (Minor) at 13:33, Andrew Cogliano (WPG) for Roughing (Minor) at 17:36
3rd period
6. Calgary Flames , Joel Eriksson Ek 4 (Matthew Tkachuk 12, J.T. Miller 9) at 11:17 (PP)
Penalties :
Kaiden Guhle (WPG) for Tripping (Minor) at 6:08, Ty Smith (WPG) for Hooking (Minor) at 11:08
Goalie Stats
Ilya Sorokin (CGY), 25 saves from 26 shots - (0.962), W, 6-1-2, 60:00 minutes
Spencer Knight (WPG), 29 saves from 34 shots - (0.853), L, 0-6-3, 60:00 minutes
Players Stats for Calgary Flames
Player Name G A P +/- PIM S H SB GA TA FO MP PP MP PK MP
------------------------------------------------------------------------------------
Cole Sillinger 0 0 0 0 0 0 2 0 0 0 1/1 5:40 0:00 0:00
Drew Doughty 0 1 1 0 2 1 1 1 0 2 0/0 21:15 5:32 1:48
J.T. Miller 1 1 2 1 0 3 1 1 0 0 9/20 20:36 5:20 2:30
Jeff Petry 0 1 1 1 0 1 0 3 1 2 0/0 23:08 5:10 3:23
Joel Eriksson Ek 1 0 1 1 0 5 1 0 2 0 1/4 21:01 5:20 2:37
Kris Letang 0 1 1 1 4 2 3 0 0 0 0/0 19:59 5:32 0:00
Mathieu Joseph 0 0 0 0 0 2 2 0 2 0 0/0 14:54 0:00 2:52
Matthew Tkachuk 0 2 2 1 0 2 1 0 1 1 1/2 18:51 5:20 0:32
Michael Anderson 0 0 0 0 0 2 3 1 0 0 0/0 17:18 0:00 3:06
Nic Dowd 0 0 0 0 0 0 1 0 0 0 6/13 14:34 0:00 2:38
Oliver Bjorkstrand 0 0 0 0 0 1 1 1 1 0 0/0 11:47 0:00 0:00
Rafael Harvey-Pinard 0 0 0 0 0 0 0 0 0 0 0/0 5:40 0:00 0:00
Rasmus Andersson 1 0 1 1 0 2 2 1 0 0 0/0 20:05 5:10 0:36
Ryan McDonagh 0 0 0 1 0 0 0 0 0 0 0/0 18:14 0:00 3:11
Sebastian Aho 0 3 3 1 0 2 2 0 1 2 16/27 18:53 5:22 0:55
Timo Meier 0 0 0 1 0 5 3 0 1 0 1/2 17:57 5:22 0:00
Yakov Trenin 0 0 0 0 2 1 0 0 0 0 0/0 6:05 0:00 0:00
Zach Hyman 2 0 2 1 0 5 0 0 3 0 2/2 17:57 5:22 0:00
Players Stats for Winnipeg Jets
Player Name G A P +/- PIM S H SB GA TA FO MP PP MP PK MP
------------------------------------------------------------------------------------
Alex DeBrincat 1 0 1 -1 0 5 0 0 1 0 4/8 19:24 3:04 4:56
Andrew Cogliano 0 0 0 -1 2 0 2 0 0 0 0/0 15:01 2:27 0:00
Barclay Goodrow 0 0 0 -1 6 0 1 1 0 1 0/3 12:30 0:33 0:00
Calen Addison 0 0 0 -1 0 3 0 4 1 1 0/0 21:51 3:06 4:34
Connor McDavid 0 1 1 0 2 5 1 1 0 1 16/26 20:12 3:03 4:21
Dante Fabbro 0 0 0 -1 0 2 1 1 0 1 0/0 26:20 2:56 6:08
Joel Armia 0 0 0 0 0 0 4 0 1 0 0/2 11:30 0:00 0:52
Jordan Harris 0 0 0 0 0 0 2 0 0 1 0/0 11:49 0:00 0:00
Kaapo Kakko 0 0 0 -1 0 2 2 1 1 0 0/1 14:39 2:30 0:00
Kaiden Guhle 0 0 0 -1 2 0 2 1 2 2 0/0 25:04 2:56 4:50
Klim Kostin 0 0 0 0 0 1 2 0 0 0 0/0 6:54 0:05 0:00
Lucas Raymond 0 0 0 -1 0 1 2 1 0 1 1/1 19:25 3:05 4:56
Matthew Beniers 0 0 0 0 2 3 1 0 0 0 3/9 11:14 0:35 0:00
Nathan Beaulieu 0 0 0 -1 0 0 0 2 0 2 0/0 21:51 3:06 4:34
Nick Suzuki 0 0 0 -1 0 3 2 0 1 2 8/17 22:29 2:44 5:20
Pius Suter 0 0 0 0 0 0 1 0 0 0 0/0 8:24 0:00 0:20
Sam Steel 0 0 0 0 0 1 3 0 0 0 2/4 6:49 0:00 0:00
Ty Smith 0 0 0 0 2 0 1 0 0 0 0/0 13:06 0:00 1:18
3 Stars
1 - Zach Hyman (CGY)
2 - Sebastian Aho (CGY)
3 - J.T. Miller (CGY)
Power Play
Calgary Flames - 3 on 8 Attempt(s) - 37.50%
Winnipeg Jets - 1 on 4 Attempt(s) - 25.00%
Penalty Kill
Calgary Flames - 3 on 4 Attempt(s) - 75.00%
- Score 0 goal in Penalty Kill
Winnipeg Jets - 5 on 8 Attempt(s) - 62.50%
- Score 0 goal in Penalty Kill
Team Stat
Calgary Flames - Hits : 23 - Faceoff Wins : 37 - Blocked Shots : 8 - Penalty Minutes : 8
Winnipeg Jets - Hits : 27 - Faceoff Wins : 34 - Blocked Shots : 12 - Penalty Minutes : 16
Official
Referees : Frederick L'Ecuyer and Kyle Rehman
Linesman : Steve Barton and Steve Miller
Game Notes
10:00 of 2nd period - Winnipeg Jets goal is going for a video replay. After video review, No Goal. The puck has been kicked using a distinct kicking motion.
Finance
Level 1 -- Attendance: 6000 (100.00%) -- Ticket Income $552,000
Level 2 -- Attendance: 4399 (87.98%) -- Ticket Income $241,945
Level 3 -- Attendance: 3000 (100.00%) -- Ticket Income $90,000
Level 4 -- Attendance: 4821 (96.42%) -- Ticket Income $106,062
Luxury Box -- Attendance: 890 (89.00%) -- Ticket Income $169,100
Game was played at the MTS Centre.
Total Attendance: 19110 (95.55%)
Total Ticket Income: $1,159,107
Other Income: $405,687
Total Income: $1,564,794
Calgary Flames
5 vs 5 Forward
Center Left Wing Right Wing Time % Phy DF OF
1 J.T. Miller Matthew Tkachuk Joel Eriksson Ek 31 0 2 3
2 Sebastian Aho Zach Hyman Timo Meier 30 0 2 3
3 Nic Dowd Mathieu Joseph Oliver Bjorkstrand 29 0 2 3
4 Cole Sillinger Rafael Harvey-Pinard Yakov Trenin 10 1 3 1
5 vs 5 Defense
Defense Defense Time % Phy DF OF
1 Drew Doughty Jeff Petry 35 1 3 1
2 Ryan McDonagh Kris Letang 35 1 3 1
3 Michael Anderson Rasmus Andersson 30 1 3 1
4 Kris Letang Jeff Petry 0 1 3 1
PowerPlay Forward
Center Left Wing Right Wing Time % Phy DF OF
1 J.T. Miller Matthew Tkachuk Joel Eriksson Ek 50 0 0 5
2 Sebastian Aho Zach Hyman Timo Meier 50 0 0 5
PowerPlay Defense
Defense Defense Time % Phy DF OF
1 Kris Letang Drew Doughty 50 0 0 5
2 Rasmus Andersson Jeff Petry 50 0 0 5
Penalty Kill 4 Players Forward
Center Wing Time % Phy DF OF
1 Joel Eriksson Ek Mathieu Joseph 50 0 5 0
2 J.T. Miller Nic Dowd 50 0 5 0
Penalty Kill 4 Players Defense
Defense Defense Time % Phy DF OF
1 Jeff Petry Ryan McDonagh 50 0 5 0
2 Michael Anderson Drew Doughty 50 0 5 0
Penalty Kill - 3 Players Forward
Forward Time % Phy DF OF
1 J.T. Miller 50 0 5 0
2 Sebastian Aho 50 0 5 0
Penalty Kill - 3 Players Defense
Defense Defense Time % Phy DF OF
1 Kris Letang Jeff Petry 50 0 5 0
2 Michael Anderson Drew Doughty 50 0 5 0
4 vs 4 Forward
Center Wing Time % Phy DF OF
1 J.T. Miller Timo Meier 50 1 2 2
2 Sebastian Aho Zach Hyman 50 1 2 2
4 vs 4 Defense
Defense Defense Time % Phy DF OF
1 Kris Letang Jeff Petry 50 1 2 2
2 Drew Doughty Michael Anderson 50 1 2 2
Last Minutes Offensive
Center Left Wing Right Wing Defense Defense
J.T. Miller Matthew Tkachuk Sebastian Aho Kris Letang Drew Doughty
Last Minutes Defensive
Center Left Wing Right Wing Defense Defense
J.T. Miller Sebastian Aho Joel Eriksson Ek Ryan McDonagh Drew Doughty
Goaltenders
Starting : Ilya Sorokin
Backup : Samuel Montembeault
Extra Forwards
Normal : Nic Dowd, Joel Eriksson Ek, Mathieu Joseph - PP : Nic Dowd, Joel Eriksson Ek - PK : Mathieu Joseph
Extra Defensemen
Normal : Rasmus Andersson, Michael Anderson, Jeff Petry - PP : Rasmus Andersson - PK : Michael Anderson, Jeff Petry
Penalty Shots
J.T. Miller, Matthew Tkachuk, Sebastian Aho, Joel Eriksson Ek, Timo Meier
Winnipeg Jets
5 vs 5 Forward
Center Left Wing Right Wing Time % Phy DF OF
1 Connor McDavid Alex DeBrincat Lucas Raymond 30 1 2 2
2 Nick Suzuki Andrew Cogliano Kaapo Kakko 30 1 2 2
3 Matthew Beniers Barclay Goodrow Joel Armia 25 1 2 2
4 Sam Steel Pius Suter Klim Kostin 15 1 2 2
5 vs 5 Defense
Defense Defense Time % Phy DF OF
1 Dante Fabbro Kaiden Guhle 30 1 2 2
2 Nathan Beaulieu Calen Addison 30 1 2 2
3 Jordan Harris Ty Smith 25 1 2 2
4 Dante Fabbro Kaiden Guhle 15 1 2 2
PowerPlay Forward
Center Left Wing Right Wing Time % Phy DF OF
1 Connor McDavid Alex DeBrincat Lucas Raymond 50 1 2 2
2 Nick Suzuki Andrew Cogliano Kaapo Kakko 50 1 2 2
PowerPlay Defense
Defense Defense Time % Phy DF OF
1 Dante Fabbro Kaiden Guhle 50 1 2 2
2 Nathan Beaulieu Calen Addison 50 1 2 2
Penalty Kill 4 Players Forward
Center Wing Time % Phy DF OF
1 Connor McDavid Nick Suzuki 50 1 2 2
2 Alex DeBrincat Lucas Raymond 50 1 2 2
Penalty Kill 4 Players Defense
Defense Defense Time % Phy DF OF
1 Dante Fabbro Kaiden Guhle 50 1 2 2
2 Nathan Beaulieu Calen Addison 50 1 2 2
Penalty Kill - 3 Players Forward
Forward Time % Phy DF OF
1 Connor McDavid 50 1 2 2
2 Nick Suzuki 50 1 2 2
Penalty Kill - 3 Players Defense
Defense Defense Time % Phy DF OF
1 Dante Fabbro Kaiden Guhle 50 1 2 2
2 Nathan Beaulieu Calen Addison 50 1 2 2
4 vs 4 Forward
Center Wing Time % Phy DF OF
1 Connor McDavid Nick Suzuki 50 1 2 2
2 Alex DeBrincat Lucas Raymond 50 1 2 2
4 vs 4 Defense
Defense Defense Time % Phy DF OF
1 Dante Fabbro Kaiden Guhle 50 1 2 2
2 Nathan Beaulieu Calen Addison 50 1 2 2
Last Minutes Offensive
Center Left Wing Right Wing Defense Defense
Connor McDavid Alex DeBrincat Lucas Raymond Dante Fabbro Kaiden Guhle
Last Minutes Defensive
Center Left Wing Right Wing Defense Defense
Connor McDavid Alex DeBrincat Lucas Raymond Dante Fabbro Kaiden Guhle
Goaltenders
Starting : Spencer Knight
Backup : Ukko-Pekka Luukkonen
Extra Forwards
Normal : Matthew Beniers, Barclay Goodrow, Joel Armia - PP : Matthew Beniers, Barclay Goodrow - PK : Joel Armia
Extra Defensemen
Normal : Jordan Harris, Ty Smith, Nathan Beaulieu - PP : Jordan Harris - PK : Ty Smith, Nathan Beaulieu
Penalty Shots
Connor McDavid, Nick Suzuki, Alex DeBrincat, Lucas Raymond, Matthew Beniers
% Time on Ice - Calgary Flames
Lines # - Real PCT - Wanted PCT - Time Play
Normal Forward
1 - 31% - 31% - 13:14
2 - 29% - 30% - 12:35
3 - 27% - 29% - 11:47
4 - 13% - 10% - 5:40
Normal Defense
1 - 33% - 35% - 14:19
2 - 35% - 35% - 15:07
3 - 32% - 30% - 13:50
4 - 0% - 0% - 0:00
PP Forward
1 - 50% - 50% - 5:20
2 - 50% - 50% - 5:22
PP Defense
1 - 52% - 50% - 5:32
2 - 48% - 50% - 5:10
PK Forward
1 - 51% - 50% - 3:04
2 - 49% - 50% - 2:58
PK Defense
1 - 49% - 50% - 2:56
2 - 51% - 50% - 3:06
PK3 Forward
1 - 0% - 50%
2 - 0% - 50%
PK3 Defense
1 - 0% - 50%
2 - 0% - 50%
44 Forward
1 - 0% - 50%
2 - 0% - 50%
44 Defense
1 - 0% - 50%
2 - 0% - 50%
Last Minute Offensive - 0:00
Last Minute Defensive - 0:00
Total
Forward - 60:00
Defense - 60:00
|
% Time on Ice - Winnipeg Jets
Lines # - Real PCT - Wanted PCT - Time Play
Normal Forward
1 - 30% - 30% - 12:48
2 - 30% - 30% - 13:01
3 - 25% - 25% - 10:38
4 - 16% - 15% - 6:49
Normal Defense
1 - 30% - 30% - 13:05
2 - 33% - 30% - 14:11
3 - 27% - 25% - 11:49
4 - 10% - 15% - 4:11
PP Forward
1 - 53% - 50% - 3:13
2 - 47% - 50% - 2:49
PP Defense
1 - 49% - 50% - 2:56
2 - 51% - 50% - 3:06
PK Forward
1 - 51% - 50% - 5:08
2 - 49% - 50% - 4:56
PK Defense
1 - 55% - 50% - 5:30
2 - 45% - 50% - 4:34
PK3 Forward
1 - 68% - 50% - 0:26
2 - 32% - 50% - 0:12
PK3 Defense
1 - 100% - 50% - 0:38
2 - 0% - 50% - 0:00
44 Forward
1 - 0% - 50%
2 - 0% - 50%
44 Defense
1 - 0% - 50%
2 - 0% - 50%
Last Minute Offensive - 0:00
Last Minute Defensive - 0:00
Total
Forward - 60:00
Defense - 60:00
|
Play-by-Play
1st period
0:01 of 1st period - Connor McDavid wins face-off versus J.T. Miller in neutral zone.
0:06 of 1st period - Snap shot by Matthew Tkachuk.
0:06 of 1st period - Stopped by Spencer Knight with a rebound.
0:30 of 1st period - Snap shot by Matthew Tkachuk.
0:30 of 1st period - Shot Misses the Net.
0:51 of 1st period - Minor Penalty to Barclay Goodrow for Roughing.
0:52 of 1st period - J.T. Miller wins face-off versus Connor McDavid in Winnipeg Jets zone.
1:11 of 1st period - Alex DeBrincat is hit by Kris Letang and loses puck.
2:05 of 1st period - Icing by Rasmus Andersson.
2:06 of 1st period - Alex DeBrincat wins face-off versus Sebastian Aho in Calgary Flames zone.
2:43 of 1st period - Wrist shot by Sebastian Aho.
2:43 of 1st period - Shot Misses the Net.
2:45 of 1st period - Wrist shot by Rasmus Andersson.
2:45 of 1st period - Shot Misses the Net.
2:47 of 1st period - Snap shot by Sebastian Aho.
2:47 of 1st period - Shot Misses the Net.
2:49 of 1st period - Slapshot by Jeff Petry.
2:49 of 1st period - Shot Misses the Net.
2:51 of 1st period - Penalty to Barclay Goodrow is over, Barclay Goodrow is back on ice.
2:55 of 1st period - Snap shot by Zach Hyman.
2:55 of 1st period - Shot Blocked by Calen Addison.
2:57 of 1st period - Slapshot by Jeff Petry.
2:57 of 1st period - Shot Misses the Net.
2:59 of 1st period - Slapshot by Jeff Petry.
2:59 of 1st period - Shot Misses the Net.
3:34 of 1st period - Snap shot by Sebastian Aho.
3:34 of 1st period - Shot Blocked by Calen Addison.
3:36 of 1st period - Wrist shot by Sebastian Aho.
3:36 of 1st period - Shot Misses the Net.
3:38 of 1st period - Wrist shot by Sebastian Aho.
3:38 of 1st period - Shot Misses the Net.
3:40 of 1st period - Slapshot by Rasmus Andersson.
3:40 of 1st period - Goal by Rasmus Andersson - Calgary Flames : 1 - Winnipeg Jets : 0.
3:41 of 1st period - Sam Steel wins face-off versus Nic Dowd in neutral zone.
3:59 of 1st period - Ryan McDonagh is hit by Ty Smith.
4:13 of 1st period - Snap shot by Matthew Beniers.
4:13 of 1st period - Shot Misses the Net.
4:31 of 1st period - Andrew Cogliano is hit by Cole Sillinger and loses puck.
5:46 of 1st period - Michael Anderson is hit by Sam Steel.
5:50 of 1st period - Yakov Trenin is hit by Pius Suter and loses puck.
6:01 of 1st period - Yakov Trenin is hit by Jordan Harris and loses puck.
7:23 of 1st period - Connor McDavid is hit by Drew Doughty and loses puck.
7:33 of 1st period - Off-side.
7:34 of 1st period - Sam Steel wins face-off versus Sebastian Aho in neutral zone.
7:41 of 1st period - Snap shot by Klim Kostin.
7:41 of 1st period - Stopped by Ilya Sorokin without a rebound.
7:42 of 1st period - Connor McDavid wins face-off versus Nic Dowd in Calgary Flames zone.
7:49 of 1st period - Lucas Raymond is hit by Mathieu Joseph.
7:55 of 1st period - Snap shot by Mathieu Joseph.
7:55 of 1st period - Shot Misses the Net.
8:06 of 1st period - Minor Penalty to Kris Letang for High sticking.
8:07 of 1st period - Connor McDavid wins face-off versus Joel Eriksson Ek in Calgary Flames zone.
8:11 of 1st period - Backhand shot by Alex DeBrincat.
8:11 of 1st period - Goal by Alex DeBrincat - Calgary Flames : 1 - Winnipeg Jets : 1.
8:12 of 1st period - Connor McDavid wins face-off versus J.T. Miller in neutral zone.
8:19 of 1st period - Wrist shot by Alex DeBrincat.
8:19 of 1st period - Shot Misses the Net.
8:21 of 1st period - Slapshot by Dante Fabbro.
8:21 of 1st period - Stopped by Ilya Sorokin with a rebound.
8:29 of 1st period - Wrist shot by Connor McDavid.
8:29 of 1st period - Shot Misses the Net.
9:03 of 1st period - Nathan Beaulieu is hit by Michael Anderson and loses puck.
9:18 of 1st period - Yakov Trenin is hit by Klim Kostin and loses puck.
10:02 of 1st period - Slapshot by Sebastian Aho.
10:02 of 1st period - Deflect By Barclay Goodrow.
10:02 of 1st period - Shot Blocked by Barclay Goodrow.
10:02 of 1st period - Puck is out of play.
10:03 of 1st period - Matthew Beniers wins face-off versus Sebastian Aho in Winnipeg Jets zone.
10:03 of 1st period - Matthew Beniers is hit by Kris Letang.
10:11 of 1st period - Snap shot by Barclay Goodrow.
10:11 of 1st period - Shot Misses the Net.
10:13 of 1st period - Slapshot by Calen Addison.
10:13 of 1st period - Stopped by Ilya Sorokin without a rebound.
10:14 of 1st period - Nic Dowd wins face-off versus Connor McDavid in Calgary Flames zone.
10:53 of 1st period - Minor Penalty to Drew Doughty for Diving.
10:54 of 1st period - Nick Suzuki wins face-off versus J.T. Miller in Calgary Flames zone.
12:46 of 1st period - Alex DeBrincat is hit by Michael Anderson and loses puck.
12:53 of 1st period - Penalty to Drew Doughty is over, Drew Doughty is back on ice.
13:15 of 1st period - Minor Penalty to Barclay Goodrow for Tripping.
13:16 of 1st period - Matthew Tkachuk wins face-off versus Connor McDavid in Winnipeg Jets zone.
13:23 of 1st period - Snap shot by Joel Eriksson Ek.
13:23 of 1st period - Shot Misses the Net.
13:25 of 1st period - Wrist shot by Joel Eriksson Ek.
13:25 of 1st period - Shot Blocked by Kaiden Guhle.
13:27 of 1st period - Slapshot by J.T. Miller.
13:27 of 1st period - Stopped by Spencer Knight with a rebound.
13:29 of 1st period - Slapshot by Joel Eriksson Ek.
13:29 of 1st period - Stopped by Spencer Knight without a rebound.
13:30 of 1st period - Alex DeBrincat wins face-off versus J.T. Miller in Winnipeg Jets zone.
13:57 of 1st period - Kaiden Guhle is hit by Timo Meier and loses puck.
14:19 of 1st period - Off-side.
14:20 of 1st period - J.T. Miller wins face-off versus Connor McDavid in neutral zone.
14:27 of 1st period - Snap shot by Joel Eriksson Ek.
14:27 of 1st period - Stopped by Spencer Knight with a rebound.
14:29 of 1st period - Snap shot by Kris Letang.
14:29 of 1st period - Shot Blocked by Calen Addison.
14:31 of 1st period - Slapshot by Drew Doughty.
14:31 of 1st period - Stopped by Spencer Knight with a rebound.
15:15 of 1st period - Penalty to Barclay Goodrow is over, Barclay Goodrow is back on ice.
15:27 of 1st period - Mathieu Joseph is hit by Nick Suzuki and loses puck.
15:46 of 1st period - Wrist shot by Nick Suzuki.
15:46 of 1st period - Deflect By Connor McDavid.
15:46 of 1st period - Shot Misses the Net.
15:46 of 1st period - Puck is out of play.
15:47 of 1st period - Sebastian Aho wins face-off versus Sam Steel in Calgary Flames zone.
15:54 of 1st period - Wrist shot by Timo Meier.
15:54 of 1st period - Stopped by Spencer Knight with a rebound.
16:02 of 1st period - Backhand shot by Sam Steel.
16:02 of 1st period - Stopped by Ilya Sorokin with a rebound.
16:30 of 1st period - Joel Eriksson Ek is hit by Jordan Harris and loses puck.
16:39 of 1st period - Jordan Harris is hit by Joel Eriksson Ek and loses puck.
16:46 of 1st period - Matthew Tkachuk is hit by Matthew Beniers and loses puck.
16:57 of 1st period - Slapshot by Calen Addison.
16:57 of 1st period - Deflect By Joel Eriksson Ek.
16:57 of 1st period - Stopped by Ilya Sorokin without a rebound.
16:58 of 1st period - Sebastian Aho wins face-off versus Nick Suzuki in Calgary Flames zone.
17:07 of 1st period - Icing by Nick Suzuki.
17:08 of 1st period - Sebastian Aho wins face-off versus Nick Suzuki in Winnipeg Jets zone.
17:22 of 1st period - Timo Meier is hit by Andrew Cogliano and loses puck.
17:39 of 1st period - Kaapo Kakko is hit by Timo Meier and loses puck.
17:50 of 1st period - Wrist shot by Kaapo Kakko.
17:50 of 1st period - Stopped by Ilya Sorokin without a rebound.
17:51 of 1st period - Nic Dowd wins face-off versus Connor McDavid in Calgary Flames zone.
17:59 of 1st period - Slapshot by Oliver Bjorkstrand.
17:59 of 1st period - Stopped by Spencer Knight without a rebound.
18:00 of 1st period - Connor McDavid wins face-off versus Nic Dowd in Winnipeg Jets zone.
18:00 of 1st period - Connor McDavid is hit by Mathieu Joseph.
18:08 of 1st period - Snap shot by Alex DeBrincat.
18:08 of 1st period - Deflect By Lucas Raymond.
18:08 of 1st period - Stopped by Ilya Sorokin with a rebound.
18:28 of 1st period - Wrist shot by Alex DeBrincat.
18:28 of 1st period - Shot Misses the Net.
18:51 of 1st period - Snap shot by Mathieu Joseph.
18:51 of 1st period - Stopped by Spencer Knight without a rebound.
18:52 of 1st period - Nick Suzuki wins face-off versus Matthew Tkachuk in Winnipeg Jets zone.
18:56 of 1st period - Off-side.
18:57 of 1st period - Nick Suzuki wins face-off versus Joel Eriksson Ek in neutral zone.
19:00 of 1st period - Snap shot by Nick Suzuki.
19:00 of 1st period - Shot Misses the Net.
19:12 of 1st period - Wrist shot by Matthew Tkachuk.
19:12 of 1st period - Stopped by Spencer Knight with a rebound.
19:30 of 1st period - Snap shot by Kaapo Kakko.
19:30 of 1st period - Shot Blocked by Jeff Petry.
Goals for this period are 1 for Calgary Flames vs 1 for Winnipeg Jets.
Shots for this period are 10 for Calgary Flames vs 8 for Winnipeg Jets.
2nd period
0:01 of 2nd period - Timo Meier wins face-off versus Connor McDavid in neutral zone.
0:04 of 2nd period - Snap shot by Zach Hyman.
0:04 of 2nd period - Shot Misses the Net.
0:06 of 2nd period - Wrist shot by Zach Hyman.
0:06 of 2nd period - Stopped by Spencer Knight with a rebound.
0:08 of 2nd period - Snap shot by Sebastian Aho.
0:08 of 2nd period - Shot Blocked by Connor McDavid.
0:10 of 2nd period - Wrist shot by Timo Meier.
0:10 of 2nd period - Stopped by Spencer Knight without a rebound.
0:11 of 2nd period - Connor McDavid wins face-off versus Sebastian Aho in Winnipeg Jets zone.
0:44 of 2nd period - Off-side.
0:45 of 2nd period - Matthew Beniers wins face-off versus Nic Dowd in neutral zone.
0:48 of 2nd period - Rasmus Andersson is hit by Joel Armia and loses puck.
1:02 of 2nd period - Minor Penalty to Matthew Beniers for Boarding.
1:03 of 2nd period - Connor McDavid wins face-off versus J.T. Miller in Winnipeg Jets zone.
1:30 of 2nd period - Minor Penalty to Connor McDavid for Hooking.
1:31 of 2nd period - J.T. Miller wins face-off versus Joel Armia in Winnipeg Jets zone.
1:32 of 2nd period - Slapshot by Matthew Tkachuk.
1:32 of 2nd period - Deflect By Joel Eriksson Ek.
1:32 of 2nd period - Stopped by Spencer Knight without a rebound.
1:33 of 2nd period - J.T. Miller wins face-off versus Joel Armia in Winnipeg Jets zone.
1:48 of 2nd period - Wrist shot by Joel Eriksson Ek.
1:48 of 2nd period - Shot Misses the Net.
2:08 of 2nd period - Wrist shot by Zach Hyman.
2:08 of 2nd period - Goal by Zach Hyman - Calgary Flames : 2 - Winnipeg Jets : 1.
2:09 of 2nd period - Alex DeBrincat wins face-off versus J.T. Miller in neutral zone.
2:43 of 2nd period - Snap shot by Joel Armia.
2:43 of 2nd period - Shot Misses the Net.
2:45 of 2nd period - Snap shot by Joel Armia.
2:45 of 2nd period - Shot Blocked by Jeff Petry.
2:47 of 2nd period - Snap shot by Joel Armia.
2:47 of 2nd period - Shot Misses the Net.
3:30 of 2nd period - Penalty to Connor McDavid is over, Connor McDavid is back on ice.
3:35 of 2nd period - Nick Suzuki is hit by Kris Letang and loses puck.
4:26 of 2nd period - Snap shot by Connor McDavid.
4:26 of 2nd period - Shot Misses the Net.
4:28 of 2nd period - Snap shot by Connor McDavid.
4:28 of 2nd period - Shot Misses the Net.
4:30 of 2nd period - Slapshot by Ty Smith.
4:30 of 2nd period - Shot Blocked by Drew Doughty.
4:32 of 2nd period - Snap shot by Pius Suter.
4:32 of 2nd period - Shot Misses the Net.
4:34 of 2nd period - Slapshot by Pius Suter.
4:34 of 2nd period - Shot Misses the Net.
4:36 of 2nd period - Wrist shot by Pius Suter.
4:36 of 2nd period - Shot Misses the Net.
4:38 of 2nd period - Snap shot by Connor McDavid.
4:38 of 2nd period - Stopped by Ilya Sorokin with a rebound.
4:40 of 2nd period - Wrist shot by Connor McDavid.
4:40 of 2nd period - Shot Misses the Net.
4:42 of 2nd period - Wrist shot by Pius Suter.
4:42 of 2nd period - Shot Misses the Net.
4:44 of 2nd period - Snap shot by Nick Suzuki.
4:44 of 2nd period - Deflect By Kris Letang.
4:44 of 2nd period - Stopped by Ilya Sorokin without a rebound.
4:45 of 2nd period - Matthew Beniers wins face-off versus Sebastian Aho in Calgary Flames zone.
4:52 of 2nd period - Snap shot by Matthew Beniers.
4:52 of 2nd period - Stopped by Ilya Sorokin without a rebound.
4:53 of 2nd period - Zach Hyman wins face-off versus Barclay Goodrow in Calgary Flames zone.
4:53 of 2nd period - Timo Meier is hit by Joel Armia and loses puck.
4:58 of 2nd period - Backhand shot by Matthew Beniers.
4:58 of 2nd period - Stopped by Ilya Sorokin without a rebound.
4:59 of 2nd period - Sebastian Aho wins face-off versus Matthew Beniers in Calgary Flames zone.
4:59 of 2nd period - Sebastian Aho is hit by Kaiden Guhle.
5:05 of 2nd period - Dante Fabbro is hit by Rasmus Andersson and loses puck.
5:15 of 2nd period - Off-side.
5:16 of 2nd period - Connor McDavid wins face-off versus Joel Eriksson Ek in neutral zone.
5:33 of 2nd period - Slapshot by Matthew Tkachuk.
5:33 of 2nd period - Deflect By J.T. Miller.
5:33 of 2nd period - Shot Misses the Net.
5:33 of 2nd period - Puck is out of play.
5:34 of 2nd period - Sebastian Aho wins face-off versus Barclay Goodrow in Winnipeg Jets zone.
5:34 of 2nd period - Minor Penalty to Kris Letang for Holding.
5:35 of 2nd period - J.T. Miller wins face-off versus Nick Suzuki in Calgary Flames zone.
7:30 of 2nd period - Snap shot by Nick Suzuki.
7:30 of 2nd period - Stopped by Ilya Sorokin with a rebound.
7:34 of 2nd period - Penalty to Kris Letang is over, Kris Letang is back on ice.
7:37 of 2nd period - Icing by Jeff Petry.
7:38 of 2nd period - Sebastian Aho wins face-off versus Sam Steel in Calgary Flames zone.
8:54 of 2nd period - Michael Anderson is hit by Kaapo Kakko and loses puck.
9:22 of 2nd period - Icing by Jordan Harris.
9:23 of 2nd period - Cole Sillinger wins face-off versus Matthew Beniers in Winnipeg Jets zone.
9:28 of 2nd period - Slapshot by Drew Doughty.
9:28 of 2nd period - Shot Misses the Net.
9:32 of 2nd period - Snap shot by Yakov Trenin.
9:32 of 2nd period - Stopped by Spencer Knight without a rebound.
9:33 of 2nd period - Nick Suzuki wins face-off versus J.T. Miller in Winnipeg Jets zone.
9:58 of 2nd period - Wrist shot by Connor McDavid.
9:58 of 2nd period - Stopped by Ilya Sorokin with a rebound.
10:00 of 2nd period - Wrist shot by Connor McDavid.
10:00 of 2nd period - Winnipeg Jets goal is going for a video replay.
10:00 of 2nd period - The goal is refused. The puck has been kicked using a distinct kicking motion..
10:01 of 2nd period - Connor McDavid wins face-off versus Sebastian Aho in Calgary Flames zone.
10:02 of 2nd period - Snap shot by Alex DeBrincat.
10:02 of 2nd period - Stopped by Ilya Sorokin without a rebound.
10:03 of 2nd period - Sebastian Aho wins face-off versus Nick Suzuki in Calgary Flames zone.
10:03 of 2nd period - Sebastian Aho is hit by Kaapo Kakko.
10:13 of 2nd period - Backhand shot by Zach Hyman.
10:13 of 2nd period - Shot Misses the Net.
10:15 of 2nd period - Snap shot by Timo Meier.
10:15 of 2nd period - Stopped by Spencer Knight with a rebound.
10:17 of 2nd period - Wrist shot by Timo Meier.
10:17 of 2nd period - Shot Blocked by Calen Addison.
10:19 of 2nd period - Slapshot by Timo Meier.
10:19 of 2nd period - Stopped by Spencer Knight with a rebound.
10:21 of 2nd period - Slapshot by Timo Meier.
10:21 of 2nd period - Shot Misses the Net.
10:23 of 2nd period - Slapshot by Kris Letang.
10:23 of 2nd period - Deflect By Timo Meier.
10:23 of 2nd period - Stopped by Spencer Knight with a rebound.
10:25 of 2nd period - Backhand shot by Kris Letang.
10:25 of 2nd period - Shot Blocked by Kaapo Kakko.
10:27 of 2nd period - Slapshot by Jeff Petry.
10:27 of 2nd period - Stopped by Spencer Knight without a rebound.
10:28 of 2nd period - Joel Eriksson Ek wins face-off versus Matthew Beniers in Winnipeg Jets zone.
10:39 of 2nd period - Wrist shot by Matthew Tkachuk.
10:39 of 2nd period - Shot Hit the Post.
10:41 of 2nd period - Minor Penalty to Barclay Goodrow for Tripping.
10:42 of 2nd period - Sebastian Aho wins face-off versus Alex DeBrincat in Winnipeg Jets zone.
10:47 of 2nd period - Snap shot by Sebastian Aho.
10:47 of 2nd period - Stopped by Spencer Knight without a rebound.
10:48 of 2nd period - Sebastian Aho wins face-off versus Alex DeBrincat in Winnipeg Jets zone.
10:51 of 2nd period - Snap shot by Zach Hyman.
10:51 of 2nd period - Goal by Zach Hyman - Calgary Flames : 3 - Winnipeg Jets : 1.
10:52 of 2nd period - J.T. Miller wins face-off versus Nick Suzuki in neutral zone.
11:02 of 2nd period - Wrist shot by J.T. Miller.
11:02 of 2nd period - Shot Misses the Net.
11:04 of 2nd period - Snap shot by J.T. Miller.
11:04 of 2nd period - Goal by J.T. Miller - Calgary Flames : 4 - Winnipeg Jets : 1.
11:05 of 2nd period - Nick Suzuki wins face-off versus J.T. Miller in neutral zone.
11:09 of 2nd period - Off-side.
11:10 of 2nd period - J.T. Miller wins face-off versus Nick Suzuki in neutral zone.
11:27 of 2nd period - Wrist shot by Joel Eriksson Ek.
11:27 of 2nd period - Stopped by Spencer Knight with a rebound.
11:33 of 2nd period - Wrist shot by Nick Suzuki.
11:33 of 2nd period - Shot Misses the Net.
12:43 of 2nd period - Off-side.
12:44 of 2nd period - Connor McDavid wins face-off versus Sebastian Aho in neutral zone.
12:47 of 2nd period - Snap shot by Zach Hyman.
12:47 of 2nd period - Shot Misses the Net.
13:33 of 2nd period - Minor Penalty to Yakov Trenin for Hooking.
13:34 of 2nd period - Connor McDavid wins face-off versus J.T. Miller in Calgary Flames zone.
15:33 of 2nd period - Penalty to Yakov Trenin is over, Yakov Trenin is back on ice.
15:51 of 2nd period - Mathieu Joseph is hit by Kaiden Guhle and loses puck.
16:09 of 2nd period - Snap shot by Zach Hyman.
16:09 of 2nd period - Stopped by Spencer Knight with a rebound.
17:36 of 2nd period - Minor Penalty to Andrew Cogliano for Roughing.
17:37 of 2nd period - Alex DeBrincat wins face-off versus J.T. Miller in Winnipeg Jets zone.
18:04 of 2nd period - Lucas Raymond is hit by Timo Meier and loses puck.
19:36 of 2nd period - Penalty to Andrew Cogliano is over, Andrew Cogliano is back on ice.
19:59 of 2nd period - Snap shot by Nick Suzuki.
19:59 of 2nd period - Deflect By Connor McDavid.
19:59 of 2nd period - Stopped by Ilya Sorokin without a rebound.
Goals for this period are 3 for Calgary Flames vs 0 for Winnipeg Jets.
Shots for this period are 14 for Calgary Flames vs 9 for Winnipeg Jets.
3rd period
0:01 of 3rd period - Connor McDavid wins face-off versus Sebastian Aho in neutral zone.
0:47 of 3rd period - Snap shot by Kaapo Kakko.
0:47 of 3rd period - Shot Blocked by Jeff Petry.
0:49 of 3rd period - Slapshot by Calen Addison.
0:49 of 3rd period - Deflect By Nick Suzuki.
0:49 of 3rd period - Shot Misses the Net.
0:49 of 3rd period - Puck is out of play.
0:50 of 3rd period - Sebastian Aho wins face-off versus Nick Suzuki in Calgary Flames zone.
0:50 of 3rd period - Sebastian Aho is hit by Andrew Cogliano.
0:56 of 3rd period - Slapshot by Kris Letang.
0:56 of 3rd period - Stopped by Spencer Knight with a rebound.
1:17 of 3rd period - Mathieu Joseph is hit by Connor McDavid and loses puck.
1:23 of 3rd period - Icing by Oliver Bjorkstrand.
1:24 of 3rd period - Connor McDavid wins face-off versus Nic Dowd in Calgary Flames zone.
1:29 of 3rd period - Slapshot by Alex DeBrincat.
1:29 of 3rd period - Shot Misses the Net.
1:31 of 3rd period - Snap shot by Alex DeBrincat.
1:31 of 3rd period - Stopped by Ilya Sorokin without a rebound.
1:32 of 3rd period - Connor McDavid wins face-off versus Timo Meier in Calgary Flames zone.
1:33 of 3rd period - Wrist shot by Alex DeBrincat.
1:33 of 3rd period - Shot Blocked by Rasmus Andersson.
1:35 of 3rd period - Slapshot by Dante Fabbro.
1:35 of 3rd period - Stopped by Ilya Sorokin with a rebound.
1:37 of 3rd period - Slapshot by Kaiden Guhle.
1:37 of 3rd period - Shot Misses the Net.
1:44 of 3rd period - Off-side.
1:45 of 3rd period - Nic Dowd wins face-off versus Connor McDavid in neutral zone.
1:50 of 3rd period - Slapshot by Drew Doughty.
1:50 of 3rd period - Shot Blocked by Nathan Beaulieu.
1:52 of 3rd period - Wrist shot by Mathieu Joseph.
1:52 of 3rd period - Stopped by Spencer Knight without a rebound.
1:53 of 3rd period - Nic Dowd wins face-off versus Connor McDavid in Winnipeg Jets zone.
2:00 of 3rd period - Wrist shot by Mathieu Joseph.
2:00 of 3rd period - Shot Blocked by Lucas Raymond.
2:02 of 3rd period - Snap shot by Drew Doughty.
2:02 of 3rd period - Shot Blocked by Nathan Beaulieu.
2:06 of 3rd period - Snap shot by Oliver Bjorkstrand.
2:06 of 3rd period - Deflect By Nic Dowd.
2:06 of 3rd period - Shot Misses the Net.
2:06 of 3rd period - Puck is out of play.
2:07 of 3rd period - Sebastian Aho wins face-off versus Matthew Beniers in Winnipeg Jets zone.
2:08 of 3rd period - Slapshot by Zach Hyman.
2:08 of 3rd period - Stopped by Spencer Knight without a rebound.
2:09 of 3rd period - Sebastian Aho wins face-off versus Matthew Beniers in Winnipeg Jets zone.
2:16 of 3rd period - Snap shot by Timo Meier.
2:16 of 3rd period - Shot Misses the Net.
2:18 of 3rd period - Wrist shot by Michael Anderson.
2:18 of 3rd period - Stopped by Spencer Knight with a rebound.
2:20 of 3rd period - Slapshot by Michael Anderson.
2:20 of 3rd period - Stopped by Spencer Knight without a rebound.
2:21 of 3rd period - Nick Suzuki wins face-off versus Sebastian Aho in Winnipeg Jets zone.
2:48 of 3rd period - Joel Eriksson Ek is hit by Joel Armia and loses puck.
2:56 of 3rd period - J.T. Miller is hit by Barclay Goodrow and loses puck.
3:10 of 3rd period - Off-side.
3:11 of 3rd period - Connor McDavid wins face-off versus Nic Dowd in neutral zone.
4:04 of 3rd period - Snap shot by Matthew Beniers.
4:04 of 3rd period - Shot Blocked by J.T. Miller.
4:12 of 3rd period - Slapshot by Rasmus Andersson.
4:12 of 3rd period - Shot Misses the Net.
4:18 of 3rd period - Jordan Harris is hit by Matthew Tkachuk.
5:07 of 3rd period - Off-side.
5:08 of 3rd period - Zach Hyman wins face-off versus Barclay Goodrow in neutral zone.
5:11 of 3rd period - Slapshot by Kris Letang.
5:11 of 3rd period - Stopped by Spencer Knight without a rebound.
5:12 of 3rd period - Sebastian Aho wins face-off versus Matthew Beniers in Winnipeg Jets zone.
6:08 of 3rd period - Minor Penalty to Kaiden Guhle for Tripping.
6:09 of 3rd period - Sebastian Aho wins face-off versus Alex DeBrincat in Winnipeg Jets zone.
6:10 of 3rd period - Wrist shot by Zach Hyman.
6:10 of 3rd period - Shot Misses the Net.
6:12 of 3rd period - Backhand shot by Rasmus Andersson.
6:12 of 3rd period - Stopped by Spencer Knight without a rebound.
6:13 of 3rd period - Lucas Raymond wins face-off versus Sebastian Aho in Winnipeg Jets zone.
8:08 of 3rd period - Penalty to Kaiden Guhle is over, Kaiden Guhle is back on ice.
8:26 of 3rd period - Barclay Goodrow is hit by Nic Dowd and loses puck.
9:23 of 3rd period - Jeff Petry is hit by Sam Steel and loses puck.
9:30 of 3rd period - Klim Kostin is hit by J.T. Miller and loses puck.
9:48 of 3rd period - Snap shot by Connor McDavid.
9:48 of 3rd period - Shot Misses the Net.
9:50 of 3rd period - Snap shot by Alex DeBrincat.
9:50 of 3rd period - Stopped by Ilya Sorokin without a rebound.
9:51 of 3rd period - Nick Suzuki wins face-off versus Nic Dowd in Calgary Flames zone.
9:52 of 3rd period - Wrist shot by Kaapo Kakko.
9:52 of 3rd period - Stopped by Ilya Sorokin with a rebound.
9:54 of 3rd period - Wrist shot by Nick Suzuki.
9:54 of 3rd period - Shot Blocked by Oliver Bjorkstrand.
10:00 of 3rd period - Wrist shot by Nick Suzuki.
10:00 of 3rd period - Deflect By Andrew Cogliano.
10:00 of 3rd period - Shot Blocked by Michael Anderson.
10:00 of 3rd period - Puck is out of play.
10:01 of 3rd period - Nic Dowd wins face-off versus Nick Suzuki in Calgary Flames zone.
10:13 of 3rd period - Icing by Kaiden Guhle.
10:14 of 3rd period - Nick Suzuki wins face-off versus Sebastian Aho in Winnipeg Jets zone.
10:14 of 3rd period - Nick Suzuki is hit by Sebastian Aho.
10:24 of 3rd period - Snap shot by Nick Suzuki.
10:24 of 3rd period - Stopped by Ilya Sorokin without a rebound.
10:25 of 3rd period - Sebastian Aho wins face-off versus Connor McDavid in Calgary Flames zone.
10:38 of 3rd period - Sebastian Aho is hit by Dante Fabbro and loses puck.
10:56 of 3rd period - Drew Doughty is hit by Nick Suzuki and loses puck.
11:08 of 3rd period - Minor Penalty to Ty Smith for Hooking.
11:09 of 3rd period - J.T. Miller wins face-off versus Alex DeBrincat in Winnipeg Jets zone.
11:17 of 3rd period - Snap shot by Joel Eriksson Ek.
11:17 of 3rd period - Goal by Joel Eriksson Ek - Calgary Flames : 5 - Winnipeg Jets : 1.
11:18 of 3rd period - Nic Dowd wins face-off versus Connor McDavid in neutral zone.
11:28 of 3rd period - Kaiden Guhle is hit by Oliver Bjorkstrand and loses puck.
11:45 of 3rd period - Snap shot by Matthew Beniers.
11:45 of 3rd period - Stopped by Ilya Sorokin with a rebound.
12:49 of 3rd period - Yakov Trenin is hit by Lucas Raymond and loses puck.
12:58 of 3rd period - Snap shot by Alex DeBrincat.
12:58 of 3rd period - Stopped by Ilya Sorokin without a rebound.
12:59 of 3rd period - Sebastian Aho wins face-off versus Nick Suzuki in Calgary Flames zone.
13:06 of 3rd period - Snap shot by Sebastian Aho.
13:06 of 3rd period - Deflect By Nick Suzuki.
13:06 of 3rd period - Stopped by Spencer Knight with a rebound.
13:16 of 3rd period - Wrist shot by Zach Hyman.
13:16 of 3rd period - Shot Blocked by Dante Fabbro.
13:57 of 3rd period - J.T. Miller is hit by Lucas Raymond and loses puck.
14:18 of 3rd period - Timo Meier is hit by Joel Armia and loses puck.
15:05 of 3rd period - Kaiden Guhle is hit by Rasmus Andersson.
15:35 of 3rd period - Slapshot by Matthew Beniers.
15:35 of 3rd period - Shot Misses the Net.
16:21 of 3rd period - Snap shot by Connor McDavid.
16:21 of 3rd period - Stopped by Ilya Sorokin with a rebound.
16:49 of 3rd period - Klim Kostin is hit by Sebastian Aho and loses puck.
17:02 of 3rd period - Klim Kostin is hit by Michael Anderson and loses puck.
17:13 of 3rd period - Slapshot by Calen Addison.
17:13 of 3rd period - Stopped by Ilya Sorokin with a rebound.
17:25 of 3rd period - Michael Anderson is hit by Klim Kostin and loses puck.
17:34 of 3rd period - Yakov Trenin is hit by Sam Steel and loses puck.
17:48 of 3rd period - Off-side.
17:49 of 3rd period - Connor McDavid wins face-off versus J.T. Miller in neutral zone.
19:08 of 3rd period - Alex DeBrincat is hit by Cole Sillinger and loses puck.
19:23 of 3rd period - Slapshot by J.T. Miller.
19:23 of 3rd period - Stopped by Spencer Knight without a rebound.
19:24 of 3rd period - J.T. Miller wins face-off versus Kaapo Kakko in Winnipeg Jets zone.
Goals for this period are 1 for Calgary Flames vs 0 for Winnipeg Jets.
Shots for this period are 10 for Calgary Flames vs 9 for Winnipeg Jets.
Back to the Top